 Dungeon Crawl Stone Soup version 0.31.0-11-ge490571c62 (webtiles) character file.

Game seed: 15513083299155620076

842 Curundu the Chopper (level 7, -2/91 HPs)
             Began as a Minotaur Berserker on Feb 7, 2024.
             Was a Priest of Trog.
             Incinerated by a bombardier beetle (4 damage)
             ... with a burning spray
             ... on level 4 of the Dungeon.
             The game lasted 00:10:19 (3676 turns).

Curundu the Chopper (Minotaur Berserker)            Turns: 3676, Time: 00:10:19

Health: -2/91      AC: 22    Str: 23    XL:     7   Next: 67%
Magic:  6/6        EV:  7    Int:  4    God:    Trog [***...]
Gold:   154        SH:  0    Dex: 10    Spells: 6/6 levels left

rFire   . . .        n - +3 flail (protect)
rCold   . . .        (no shield)
rNeg    . . .        m - +0 plate armour
rPois   .            (helmet restricted)
rElec   .            l - +0 cloak
rCorr   .            (no gloves)
SInv    .            f - +1 pair of boots
Will    .....        (no amulet) Stlth
                     (no ring)
HPRegen 0.35/turn    (no ring)
MPRegen 0.10/turn

%: no passive effects
@: berserking, on fire, under a protective aura, glowing, very quick
A: horns 2, retaliatory headbutt
a: Renounce Religion, Berserk, Trog's Hand


You were on level 4 of the Dungeon.
You worshipped Trog.
Trog was most pleased with you.
You visited 1 branch of the dungeon, and saw 4 of its levels.

You collected 154 gold pieces.

Inventory:

Hand Weapons
 a - a +0 hand axe
 n - a +3 flail of protection (weapon)
Missiles
 h - 2 throwing nets (quivered)
Armour
 f - a +1 pair of boots (worn)
 l - a +0 cloak (worn)
 m - a +0 plate armour (worn)
Wands
 j - a wand of flame (26)
Scrolls
 c - 6 scrolls of identify
 d - 2 scrolls of fear
Potions
 b - a potion of cancellation {unknown}
 e - a potion of haste {unknown}
 g - a potion of attraction
 i - 2 potions of curing
 k - a potion of degeneration


   Skills:
 + Level 5.1 Fighting
 + Level 7.0 Axes
 * Level 5.4 Armour
 + Level 3.8 Dodging
 - Level 0.3 Stealth
 * Level 2.7 Shields
 * Level 2.2 Evocations


You had 6 spell levels left.
You didn't know any spells.
Your spell library was empty.

Dungeon Overview and Level Annotations

Branches:
Dungeon (4/15)
 Temple: D:4-7

Altars:
Cheibriados

Shops:
D:2 !


Innate Abilities, Weirdness & Mutations

You have a pair of horns on your head.
You reflexively headbutt those who attack you in melee.


Message History

The hound is heavily wounded.
The liquid fire burns you!
* * * LOW HITPOINT WARNING * * *
The hound bites you but does no damage. The goblin hits you but does no damage.
The hound bites you but does no damage. The goblin hits you but does no damage.
You closely miss the hound.
The hound is moderately wounded.
The liquid fire burns you!
* * * LOW HITPOINT WARNING * * *
The hound bites you but does no damage. x2; The goblin barely misses you.
You closely miss the hound.
The hound is moderately wounded.
The liquid fire burns you!
* * * LOW HITPOINT WARNING * * *
The hound bites you.
* * * LOW HITPOINT WARNING * * *
The goblin barely misses you. The hound barely misses you.
A red film seems to cover your vision as you go berserk!
You feel yourself moving faster!
You feel mighty! The liquid fire burns you!
* * * LOW HITPOINT WARNING * * *
The hound bites you.
* * * LOW HITPOINT WARNING * * *
The goblin completely misses you.
You completely miss the hound.
The hound is moderately wounded.
The liquid fire burns you!
* * * LOW HITPOINT WARNING * * *
The hound bites you but does no damage. The goblin hits you but does no damage.
You barely miss the hound.
The hound is moderately wounded.
The liquid fire burns you!
* * * LOW HITPOINT WARNING * * *
The hound barely misses you. The goblin hits you but does no damage.
The hound barely misses you.
You hit the hound.
Your weapon exudes an aura of protection.
The hound is heavily wounded.
The liquid fire burns you!
You die...

#.. .#....... #.#
........# #.. #
......... ###
#.#......# .#......#
.......#
#######h.....## ##
.......@......##<#
..#####g..###.##.###
#.#.###.##...#
#.#........#.#
#............#
#######....#######
#...........
##...#######
###...###


You could see a hound and a goblin.

Vanquished Creatures
  Sigmund (D:3)
  Edmund (D:4)
  A scorpion (D:3)
  Crazy Yiuf (D:2)
  3 bombardier beetles (D:4)
  Ijyb (D:3)
  An iguana (D:4)
  Terence (D:3)
  Natasha (thrice) (D:3)
  Robin (D:2)
  6 gnolls (D:2)
  3 adders
  7 ribbon worms
  An orc (D:3)
  4 ball pythons
  6 bats
  6 endoplasms
  4 giant cockroaches
  16 hobgoblins
  6 quokkas
  5 frilled lizards
  13 goblins
  6 kobolds
  10 rats
107 creatures vanquished.

Notes
Turn   | Place    | Note
-------+----------+-------------------------------------------
     0 | D:1      | Curundu the Minotaur Berserker began the quest for the Orb.
     0 | D:1      | Reached XP level 1. HP: 19/19 MP: 0/0
   257 | D:1      | Reached skill level 4 in Axes
   257 | D:1      | Reached XP level 2. HP: 26/27 MP: 1/1
   609 | D:1      | Reached XP level 3. HP: 27/33 MP: 2/2
   941 | D:2      | Reached ** piety under Trog
   954 | D:2      | Reached XP level 4. HP: 22/41 MP: 3/3
  1183 | D:2      | Found Zuurghuept's Distillery.
  1403 | D:2      | Reached skill level 5 in Axes
  1674 | D:2      | Reached XP level 5. HP: 43/47 MP: 4/4
  1822 | D:2      | Noticed Robin
  1832 | D:2      | Killed Robin
  1838 | D:2      | Reached *** piety under Trog
  1842 | D:2      | Found a faded altar of an unknown god.
  2082 | D:2      | Found a runed translucent door.
  2083 | D:2      | Noticed Crazy Yiuf
  2092 | D:2      | Killed Crazy Yiuf
  2266 | D:3      | Noticed Natasha
  2266 | D:3      | Noticed Sigmund
  2278 | D:3      | Killed Sigmund
  2279 | D:3      | Reached skill level 6 in Axes
  2279 | D:3      | Reached skill level 1 in Shields
  2279 | D:3      | Reached skill level 1 in Evocations
  2279 | D:3      | Reached XP level 6. HP: 43/53 MP: 5/5
  2279 | D:3      | Killed Natasha
  2331 | D:3      | Noticed Terence
  2337 | D:3      | Killed Terence
  2380 | D:3      | Noticed Natasha
  2388 | D:3      | Killed Natasha
  2430 | D:3      | Noticed Ijyb
  2443 | D:3      | Killed Ijyb
  2663 | D:3      | Noticed Natasha
  2670 | D:3      | Killed Natasha
  2671 | D:3      | Reached XP level 7. HP: 53/60 MP: 6/6
  3303 | D:4      | Found a snail-covered altar of Cheibriados.
  3414 | D:4      | Reached skill level 5 in Fighting
  3573 | D:4      | Noticed Edmund
  3596 | D:4      | Killed Edmund
  3597 | D:4      | Reached skill level 5 in Armour
  3667 | D:4      | Reached skill level 7 in Axes
  3674 | D:4      | HP: 3/91 [burnt (2)]
  3675 | D:4      | HP: 1/91 [burnt (2)]
  3676 | D:4      | Incinerated by a bombardier beetle

Illustrated notes

Levels and vault maps discovered:
D:1:      eino_arrival_tree_alley, layout_basic
D:2:      wad_woods_tower, layout_basic,
          hellmonk_ecumenical_altar_leap_of_faith, serial_shops,
          nicolae_shop_just_a_little_nook, minivault_27, uniq_robin,
          uniq_crazy_yiuf_cottage
D:3:      layout_basic, uniq_ijyb, uniq_natasha, uniq_sigmund, uniq_terence
D:4:      layout_basic, okawaru_trees_1, slow_altar_1, portal_sewer_entry_b,
          uniq_edmund

Skill      XL: |  1  2  3  4  5  6  7 |
---------------+----------------------+-----
Axes           | 4 5 6 7 |  7.0
Fighting       | 4 5 |  5.1
Dodging        | 3 |  3.8
Armour         | 3 4 5 |  5.4
Shields        | 1 2 |  2.7
Evocations     | 1 2 |  2.2
Stealth        | |  0.3

Action                     |  1- 3 |  4- 6 |  7- 9 || total
---------------------------+-------+-------+-------++-------
  Melee: Hand axe          |    60 |   134 |    60 ||   254
         Headbutt          |     8 |    14 |    15 ||    37
         Punch             |     1 |     2 |     1 ||     4
         Flail             |       |       |    11 ||    11
 Invoke: Berserk           |     1 |     1 |     2 ||     4
         Trog's Hand       |       |     4 |     1 ||     5
    Use: Scroll            |       |     6 |     1 ||     7
 Armour: Animal skin       |    45 |    30 |       ||    75
         Ring mail         |       |    24 |       ||    24
         Chain mail        |       |    41 |       ||    41
         Plate armour      |       |    15 |    65 ||    80
  Dodge: Dodged            |    60 |    86 |    18 ||   164
